 Dungeon Crawl Stone Soup version 0.20.0-15-g7f486f2 (webtiles) character file.

1437 Dfrag the Conjurer (level 8, 0/52 HPs)
             Began as a Demonspawn Fire Elementalist on June 24, 2017.
             Slain by a wight
             ... wielding a cursed -2 falchion
              (5 damage)
             ... on level 7 of the Dungeon.
             The game lasted 00:07:05 (4341 turns).

Dfrag the Conjurer (Demonspawn Fire Elementalist)   Turns: 4341, Time: 00:07:06

Health: 0/52       AC:  3    Str:  9    XL:     8   Next: 45%
Magic:  14/16      EV: 13    Int: 21    God:
Gold:   200        SH:  0    Dex: 27    Spells: 10/18 levels left

rFire    + . .     SeeInvis .   y - +8 hand axe of Aryj {chop, *Contam +Blink MR- Dex+9}
rCold    x . .     Gourm    .   (no shield)
rNeg     . . .     Faith    .   a - +0 robe
rPois    .         Spirit   .   v - +0 helmet
rElec    .         Reflect  .   (no cloak)
rCorr    .         Harm     .   (no gloves)
MR       .....                  (boots unavailable)
Stlth    ++++......             (no amulet)
Regen    0.2/turn               h - ring of fire
MPRegen  0.2/turn               j - +3 ring of intelligence

@: no status effects
A: talons 3, thin skeletal structure 2, demonic guardian 1
a: Evoke Blink


You were on level 7 of the Dungeon.
You were not hungry.

You visited 1 branch of the dungeon, and saw 7 of its levels.

You collected 344 gold pieces.
You spent 144 gold pieces at shops.

Inventory:

Hand Weapons
 e - a +4 spear of freezing
 y - the +8 hand axe of Aryj (weapon) {chop, *Contam +Blink MR- Dex+9}
   (You bought it in a shop on level 5 of the Dungeon)

   It inflicts extra damage upon your enemies.
   It affects your dexterity (+9).
   It affects your resistance to hostile enchantments.
   It lets you blink.
   It causes magical contamination when unequipped.
Armour
 a - a +0 robe (worn)
 v - a +0 helmet (worn)
Magical Staves
 r - an uncursed staff of wizardry
Jewellery
 h - a ring of fire (left hand)
 j - a +3 ring of intelligence (right hand)
 J - an uncursed ring of wizardry {unknown}
Wands
 q - a wand of flame (36/48)
 E - a wand of disintegration (7/24)
Scrolls
 d - 8 scrolls of identify {unknown}
 f - a scroll of immolation {unknown}
 i - 4 scrolls of recharging {unknown}
 m - 9 scrolls of remove curse {unknown}
 n - 3 scrolls of teleportation {unknown}
 s - 2 scrolls of blinking {unknown}
 w - a scroll of random uselessness {unknown}
 x - 2 scrolls of amnesia {unknown}
 A - 2 scrolls of magic mapping {unknown}
 C - a scroll of noise {unknown}
 F - a scroll of enchant weapon {unknown}
 H - a scroll of enchant armour {unknown}
Potions
 g - 2 potions of heal wounds {unknown}
 k - 3 potions of curing {unknown}
 o - a potion of agility {unknown}
 t - 2 potions of brilliance {unknown}
 z - 2 potions of mutation {unknown}
 B - a potion of lignification {unknown}
 D - a potion of cancellation {unknown}
 G - a potion of magic {unknown}
Books
 b - a book of Flames

   Spells                             Type                      Level
   a - Flame Tongue                   Conjuration/Fire             1
   b - Throw Flame                    Conjuration/Fire             2
   c - Conjure Flame                  Conjuration/Fire             3
   d - Inner Flame                    Hexes/Fire                   3
   e - Sticky Flame                   Conjuration/Fire             4
   f - Fireball                       Conjuration/Fire             5
Comestibles
 c - 9 bread rations
 l - 2 royal jellies
 p - a meat ration
 u - 4 fruits
 I - 2 chunks of flesh


   Skills:
 - Level 1.7 Dodging
 - Level 1.7 Stealth
 + Level 5.6 Spellcasting
 + Level 6.2 Conjurations
 + Level 6.1 Fire Magic


You had 10 spell levels left.
You knew the following spells:

 Your Spells              Type           Power        Failure   Level  Hunger
a - Flame Tongue          Conj/Fire      #####        1%          1    None
b - Conjure Flame         Conj/Fire      #####...     2%          3    ##.....
c - Sticky Flame          Conj/Fire      #####...     8%          4    ####...


Dungeon Overview and Level Annotations

Branches:
Dungeon (7/15)
 Temple: D:4-7

Altars:
Dithmenos
Elyvilon
Fedhas
Nemelex Xobeh
Ru
Sif Muna
Uskayaw

Shops:
D:5 (*[}   D:7 [*


Innate Abilities, Weirdness & Mutations

You have claws for feet.
You have a moderately thin skeletal structure. (Dex +4, Stealth+)
A weak demonic guardian rushes to your aid.


Message History

Your ufetubus hits the giant cockroach.
The giant cockroach bites your ufetubus but does no damage.
Casting: Flame Tongue
Confirm with . or Enter, or press ? or * to list all spells.
Aiming: Flame Tongue
Press: ? - help, Shift-Dir - straight line, f/p - centaur
Aim: a centaur, wielding a shortbow (heavily wounded)
You feel a surge of power!
Your demonic guardian avoids your attack.
The flame tongue hits the centaur.
The centaur is heavily wounded.
The adder hisses angrily.
The centaur shoots an arrow.
The arrow closely misses your ufetubus. The arrow hits you.
Your ufetubus hits the giant cockroach.
The giant cockroach dies!
The centaur shoots an arrow.
The arrow hits you!
* * * LOW HITPOINT WARNING * * *
The centaur shoots an arrow.
The arrow hits your ufetubus. The wight hits you with a falchion.
You die...

#........ .. ..#
#........ .. #Z#
########. #c #8# #.
##.#####.# #.
####.....##.# #.
#......#.##∩# #.
#....†.#.##.######
###.
#....c5@(........#
#...
#.....z#.##8.###.##
#... #####..#.##..#
#..# #...
...z#.##### ##.#
#... ####.#.# #.#
#... ....# #.# ###.
#.##S #.## #. #. g
#..# #. ##.## #.


You could see 2 centaurs, 2 wights, a gnoll (wandering), an adder and a friendly
ufetubus.

Vanquished Creatures
  Sigmund (D:6)
  The ghost of valhalheru the Skirmisher, an amateur HOWn of Beogh (D:3)
  3 ogres
  A centaur (D:5)
  A bullfrog (D:6)
  A bullfrog zombie (D:5)
  2 crimson imps
  A quasit (D:5)
  A jelly (D:5)
  A bullfrog skeleton (D:5)
  3 orc priests
  2 hounds
  3 orc wizards
  An iguana (D:5)
  3 worker ants
  A hound zombie (D:6)
  A hound skeleton (D:5)
  6 gnolls
  9 adders
  An adder skeleton (D:4)
  2 worms
  4 dart slugs
  6 leopard geckos
  9 orcs
  3 giant cockroaches
  7 goblins
  8 hobgoblins
  4 jackals
  2 quokkas
  2 ball pythons
  5 bats
  3 frilled lizards
  7 kobolds
  A leopard gecko skeleton (D:7)
  2 rats
108 creatures vanquished.

Vanquished Creatures (collateral kills)
  A crimson imp (D:5)
  An orc wizard (D:6)
  2 gnolls (D:4)
  An orc (D:4)
  A giant cockroach (D:7)
6 creatures vanquished.

Grand Total: 114 creatures vanquished

Notes
Turn   | Place    | Note
-------+----------+-------------------------------------------
     0 | D:1      | Dfrag the Demonspawn Fire Elementalist began the quest for the Orb.
     0 | D:1      | Reached XP level 1. HP: 13/13 MP: 3/3
   304 | D:1      | Gained mutation: You have sharp toenails. [demonic ancestry]
   304 | D:1      | Reached XP level 2. HP: 16/19 MP: 5/5
   713 | D:2      | Found a shadowy altar of Dithmenos.
   830 | D:2      | Gained mutation: You have a somewhat thin skeletal structure. (Dex +2, Stealth) [demonic ancestry]
   830 | D:2      | Reached XP level 3. HP: 10/24 MP: 4/6
  1171 | D:3      | Learned a level 3 spell: Conjure Flame
  1373 | D:3      | Gained mutation: You have razor-sharp toenails. [demonic ancestry]
  1373 | D:3      | Reached XP level 4. HP: 30/30 MP: 8/8
  1434 | D:3      | Noticed valhalheru's ghost (amateur HOWn)
  1524 | D:3      | Killed valhalheru's ghost
  1524 | D:3      | Gained mutation: A weak demonic guardian rushes to your aid. [demonic ancestry]
  1524 | D:3      | Reached XP level 5. HP: 25/35 MP: 1/9
  1993 | D:4      | Gained mutation: You have a moderately thin skeletal structure. (Dex +4, Stealth+) [demonic ancestry]
  1993 | D:4      | Reached XP level 6. HP: 24/41 MP: 0/11
  2002 | D:4      | Found a deep blue altar of Sif Muna.
  2002 | D:4      | Found a sparkling altar of Nemelex Xobeh.
  2184 | D:4      | Found a white marble altar of Elyvilon.
  2273 | D:4      | Found a sacrificial altar of Ru.
  2413 | D:4      | Found a hide-covered altar of Uskayaw.
  2502 | D:5      | Entered Level 5 of the Dungeon
  2541 | D:5      | Gained mutation: You have claws for feet. [demonic ancestry]
  2541 | D:5      | Reached XP level 7. HP: 34/46 MP: 9/13
  2550 | D:5      | Learned a level 4 spell: Sticky Flame
  2588 | D:5      | Found Veotzi's Assorted Antiques.
  2589 | D:5      | Found Ammiat's Antique Weapon Shoppe.
  2601 | D:5      | Bought an encrusted hand axe for 144 gold pieces
  2601 | D:5      | Identified the +8 hand axe of Aryj {chop, *Contam +Blink MR- Dex+9} (You bought it in a shop on level 5 of the Dungeon)
  2670 | D:5      | Found Jefudal's Gadget Boutique.
  2762 | D:5      | Reached skill level 5 in Fire Magic
  2766 | D:5      | Reached skill level 5 in Conjurations
  2913 | D:5      | Found Qoemm's Antique Armour Shoppe.
  3040 | D:5      | Found a blossoming altar of Fedhas.
  3182 | D:6      | Reached skill level 5 in Spellcasting
  3200 | D:6      | Reached XP level 8. HP: 14/52 MP: 9/15
  3559 | D:6      | Noticed Sigmund
  3578 | D:6      | Killed Sigmund
  4215 | D:7      | Found Pucaod's Elemental Accessories.
  4333 | D:7      | Found Unuung's Armour Emporium.
  4341 | D:7      | Slain by a wight

Skill      XL: |  1  2  3  4  5  6  7  8 |
---------------+-------------------------+-----
Fire Magic     | 3 4 5 6 |  6.1
Conjurations   | 2 3 4 5 6 |  6.2
Spellcasting   | 3 4 5 |  5.6
Dodging        | |  1.7
Stealth        | |  1.7

Action                   |  1- 3 |  4- 6 |  7- 9 || total
-------------------------+-------+-------+-------++-------
Melee: Spear             |    73 |    83 |       ||   156
       Kick              |     6 |    18 |    29 ||    53
       Staff             |       |     1 |       ||     1
       Hand axe          |       |       |    76 ||    76
 Cast: Flame Tongue      |     6 |    38 |    16 ||    60
       Conjure Flame     |       |     2 |       ||     2
       Sticky Flame      |       |       |     5 ||     5
 Stab: Sleeping          |     5 |     4 |     7 ||    16
       Distracted        |     2 |       |       ||     2
  Eat: Chunk             |     2 |     4 |     6 ||    12
Armor: Robe              |    13 |     7 |     8 ||    28
Dodge: Dodged            |    32 |    44 |    68 ||   144
